 Dungeon Crawl Stone Soup version 0.29-a0-817-g9904bce7a6 (webtiles) character file.

Game seed: 8153116297044905020

296 wingedge the Cutter (level 6, -2/42 HPs)
             Began as a Formicid Wanderer on July 5, 2022.
             Slain by a ball python (3 damage)
             ... on level 4 of the Dungeon.
             The game lasted 00:15:54 (3948 turns).

wingedge the Cutter (Formicid Wanderer)             Turns: 3948, Time: 00:15:56

Health: -2/42      AC:  5    Str: 12    XL:     6   Next: 62%
Magic:  9/9        EV:  8    Int: 14    God:
Gold:   197        SH:  0    Dex: 17    Spells: 8/9 levels left

rFire   . . .      SeeInvis +   j - +0 long sword
rCold   . . .      Faith    .   (no shield)
rNeg    . . .      Spirit   .   b - +0 leather armour
rPois   .          Reflect  .   (helmet unavailable)
rElec   .          Harm     .   (no cloak)
rCorr   .          Rampage  .   s - +0 pair of gloves
Will    .....                   f - +0 pair of boots
Stlth   ++........              (no amulet)
HPRegen 0.14/turn               (no ring)
MPRegen 0.11/turn               (no ring)

@: constricted
A: permanent stasis, dig shafts and tunnels, antennae 3, four strong arms,
deterioration 1, frail 1
a: Dig, Shaft Self


You were on level 4 of the Dungeon.
You visited 1 branch of the dungeon, and saw 4 of its levels.

You collected 197 gold pieces.

Inventory:

Hand Weapons
 a - a +3 short sword
 h - a +0 short sword of venom
 j - a +0 long sword (weapon)
Missiles
 k - 6 javelins
 r - 3 silver javelins
 w - 3 atropa-tipped darts
Armour
 b - a +0 leather armour (worn)
 f - a +0 pair of boots (worn)
 i - a +0 scale mail
 s - a +0 pair of gloves (worn)
 t - a +0 chain mail
Scrolls
 c - a scroll of teleportation {unknown}
 e - a scroll of blinking {unknown}
 l - 4 scrolls of identify {unknown}
 q - a scroll of vulnerability {unknown}
 v - a scroll of amnesia {unknown}
Potions
 d - 2 potions of magic
 g - 4 potions of might
 m - a potion of mutation
 n - a potion of degeneration {unknown}
 o - a potion of resistance {unknown}
 p - a potion of haste {unknown}
 u - a potion of brilliance {unknown}


   Skills:
 + Level 3.1 Fighting
 - Level 4.1(4.4) Short Blades
 * Level 2.4(3.6) Long Blades
 + Level 1.3 Ranged Weapons
 + Level 0.9 Throwing
 + Level 3.2 Armour
 + Level 0.6 Dodging
 + Level 1.5 Stealth
 - Level 2.0 Spellcasting
 - Level 1.0 Conjurations
 - Level 2.3 Fire Magic
 + Level 1.0 Evocations


You had 8 spell levels left.
You knew the following spells:

 Your Spells              Type           Power      Damage    Failure   Level
a - Foxfire               Conj/Fire      24%        2x1d5     16%         1

Your spell library contained the following spells:

 Spells                   Type           Power      Damage    Failure   Level
 Slow                     Hex            4%         N/A       30%         1
 Inner Flame              Hex/Fire       4%         N/A       50%         3
 Confusing Touch          Hex            1%         N/A       65%         3
 Vampiric Draining        Necr           1%         2d6       65%         3


Dungeon Overview and Level Annotations

Branches:
Dungeon (4/15)
 Temple: D:4-7

Altars:

Shops:
D:1 =


Innate Abilities, Weirdness & Mutations

You cannot be hasted, slowed, berserked, paralysed or teleported.
You can dig through walls and to a lower floor.
You have a pair of large antennae on your head. (SInv)
Your four strong arms can wield two-handed weapons with a shield.
Your body sometimes deteriorates upon taking damage.
You are frail. (-10% HP)


Message History

You hit the ogre.
The ogre is moderately wounded.
You hit the ogre.
The ogre is heavily wounded.
The ogre is no longer blind.
The ogre hits you with a +0 giant club!
The ball python hisses angrily.
You hit the ogre.
The ogre is heavily wounded.
The ogre misses you.
You barely miss the ogre.
The ogre is heavily wounded.
The ogre hits you with a +0 giant club!
You hit the ogre.
The ogre is severely wounded.
The hobgoblin hits you.
The ogre hits you with a +0 giant club!!
* * * LOW HITPOINT WARNING * * *
The hobgoblin closely misses you.
Okay, then.
Okay, then.
Okay, then.
Okay, then.
You slash the ogre!
You kill the ogre!
The hobgoblin closely misses you.
Your Evocations skill increases to level 1!
You barely miss the hobgoblin. The ball python bites you.
* * * LOW HITPOINT WARNING * * *
The ball python barely misses you. The hobgoblin hits you.
* * * LOW HITPOINT WARNING * * *
The ball python completely misses you. The ball python grabs you.
The ball python constricts you.
It was a potion of magic.
Magic courses through your body. The hobgoblin closely misses you.
The ball python barely misses you. The ball python constricts you.
* * * LOW HITPOINT WARNING * * *
It was a potion of mutation.
You feel extremely strange.
You feel yourself wasting away.
You feel frail. The ball python bites you.
You die...

#..........#
#.....#.########
#>### #.# #.#
#.# #.# #.# #.#
###@######
#..gS.....(
#..$.......
#.(........
######.....?....
...>............
##.<.......?
#..........
#....g.$..


You could see a hobgoblin and a ball python.

Vanquished Creatures
  An ogre (D:4)
  An orc priest (D:2)
  Terence (D:3)
  An orc wizard (D:2)
  3 adders
  3 worms
  4 dart slugs
  7 orcs
  3 bats
  8 endoplasms
  4 giant cockroaches
  11 goblins
  10 hobgoblins
  4 jackals (D:2)
  A quokka (D:1)
  6 ball pythons
  7 frilled lizards
  7 kobolds
  6 rats
88 creatures vanquished.

Vanquished Creatures (others)
  74 foxfires
  4 withered plants (D:2)
78 creatures vanquished.

Grand Total: 166 creatures vanquished

Notes
Turn   | Place    | Note
-------+----------+-------------------------------------------
     0 | D:1      | wingedge the Formicid Wanderer began the quest for the Orb.
     0 | D:1      | wingedge set off with the following items: a +3 short
                  | sword, a potion of heal wounds, a +0 robe; and the
                  | following spell memorised: Foxfire; and the following
                  | spells available to memorise: Inner Flame.
     0 | D:1      | Reached XP level 1. HP: 16/16 MP: 2/2
   130 | D:1      | Reached XP level 2. HP: 23/23 MP: 0/3
   176 | D:1      | Found Ynupizit's Jewellery Emporium.
   592 | D:1      | Reached XP level 3. HP: 28/28 MP: 3/5
   826 | D:1      | Reached skill level 1 in Conjurations
  1250 | D:2      | Reached XP level 4. HP: 32/34 MP: 4/6
  1470 | D:2      | Reached skill level 1 in Long Blades
  1710 | D:2      | Reached XP level 5. HP: 23/39 MP: 8/8
  2040 | D:2      | Found a faded altar of an unknown god.
  2605 | D:3      | Reached skill level 1 in Stealth
  3254 | D:3      | Reached skill level 1 in Ranged Weapons
  3629 | D:3      | Reached XP level 6. HP: 46/46 MP: 9/9
  3769 | D:3      | Noticed Terence
  3781 | D:3      | Killed Terence
  3909 | D:4      | Noticed an ogre
  3945 | D:4      | Killed an ogre
  3946 | D:4      | Reached skill level 1 in Evocations
  3946 | D:4      | HP: 1/47 [hobgoblin (3)]
  3948 | D:4      | Gained mutation: Your body sometimes deteriorates upon
                  | taking damage. [potion of mutation]
  3948 | D:4      | Gained mutation: You are frail. (-10% HP) [potion of
                  | mutation]
  3948 | D:4      | Slain by a ball python

Illustrated notes

Levels and vault maps discovered:
D:1:      tarquinn_simple_flora_water_b, layout_loops_ring, serial_shops,
          nicolae_square_shop
D:2:      cheibrodos_greedy_goblins, layout_loops_ring,
          ebering_ecumenical_altar_petrified
D:3:      kennysheep_six_static_rooms, layout_loops_corners, uniq_terence
D:4:      layout_rooms, mainiacjoe_overflow_chevrons, kennysheep_mini

Skill      XL: |  1  2  3  4  5  6 |
---------------+-------------------+-----
Conjurations   | 1 |  1.0
Spellcasting   | 2 |  2.0
Long Blades    | 1 2 |  2.4
Fire Magic     | 2 |  2.3
Armour         | 3 |  3.2
Stealth        | 1 |  1.5
Ranged Weapons | 1 |  1.3
Fighting       | 3 |  3.1
Evocations     | 1 |  1.0
Short Blades   | |  4.1
Throwing       | |  0.9
Dodging        | |  0.6

Action                   |  1- 3 |  4- 6 || total
-------------------------+-------+-------++-------
Melee: Short sword       |    37 |     1 ||    38
       Punch             |     2 |     3 ||     5
       Long sword        |    21 |   139 ||   160
Throw: Dart              |       |     2 ||     2
 Cast: Foxfire           |    19 |    30 ||    49
  Use: Potion            |     1 |     4 ||     5
 Stab: Sleeping          |     5 |     4 ||     9
       Invisible         |       |     1 ||     1
Armor: Robe              |     7 |       ||     7
       Leather armour    |    10 |    45 ||    55
Dodge: Dodged            |    26 |    75 ||   101

Table legend: (Time is in decaauts)
 A = Elapsed time spent in this place.
 B = Non-inter-level travel time spent in this place.
 C = Inter-level travel time spent in this place.
 D = Time resting spent in this place.
 E = Time spent auto-exploring this place.
 F = Levels seen in this place.
 G = Mean time per level.
                   A        B        C        D        E       F      G
               +--------+--------+--------+--------+--------+-----+--------+
         Total |   3981 |   3859 |    122 |    872 |   2025 |   4 |  995.2 |
       Dungeon |   3981 |   3859 |    122 |    872 |   2025 |   4 |  995.2 |
               +--------+--------+--------+--------+--------+-----+--------+

Top non-repeatable levels by time:
     D:3: 1380 daAuts
     D:2: 1347 daAuts
     D:1: 1227 daAuts
     D:4: 25 daAuts
